Devils vs Rangers (R1)

Created - April 5, 2021 at 19:46

Goals
1 2 3 T
Devils 1 1 0 2
Rangers 1 3 0 4
Shots
1 2 3 T
Devils 5 13 8 26
Rangers 1 14 5 20

1st period

1. Devils , Marian Gaborik 32 (Patrick Kaleta 18) at 10:32
2. Rangers , Chris Bourque 10 (Maxime Sauvé 9, Cam Barker 29) at 13:52

Penalties :
Tyler Ennis (NJD) for Interference (Minor) at 7:18, Patrice Bergeron (NYR) for Hooking (Minor) at 10:59, Rostislav Olesz (NYR) for Roughing (Minor) at 14:02

2nd period

3. Rangers , Devante Smith-Pelly 6 (Chris Bourque 16, Maxime Sauvé 10) at 3:04
4. Devils , Nazem Kadri 23 (Marian Gaborik 52, Tyler Ennis 47) at 7:17
5. Rangers , Patrice Bergeron 32 (Patrik Nemeth 10, Milan Lucic 60) at 11:55
6. Rangers , Ryan Strome 11 (Tomas Hertl 13, Rostislav Olesz 22) at 18:18

Penalties :
Dmitry Kulikov (NYR) for Hooking (Minor) at 5:01

3rd period

No Goal

Penalties :
Ryan Strome (NYR) for Holding (Minor) at 1:10, Steve Quailer (NYR) for Holding (Minor) at 7:48

Goalie Stats

Maxime Daigneault (NJD), 5 saves from 5 shots - (1.000), 21:42 minutes
Thomas McCollum (NJD), 11 saves from 15 shots - (0.733), L, 3-5-1, 38:18 minutes
Frederik Andersen (NYR), 24 saves from 26 shots - (0.923), W, 25-28-3, 60:00 minutes

Players Stats for Devils

Player Name              G  A  P  +/- PIM S  H  SB GA TA FO     MP     PP MP  PK MP  
------------------------------------------------------------------------------------
Anton Stralman           0  0  0  -3  0   0  3  1  1  0  0/0    23:40   3:53   1:13 
Brad Richards            0  0  0   0  0   4  2  0  0  0  4/8    14:52   4:27   0:26 
Brad Richardson          0  0  0   0  0   0  3  0  0  0  0/0     7:54   0:00   0:00 
Chris Stewart            0  0  0  -2  0   2  1  0  0  0  0/0    18:39   4:27   0:00 
Eric Tangradi            0  0  0   0  0   1  2  0  0  0  0/0     8:26   0:00   0:26 
Jamie Arniel             0  0  0  -2  0   1  0  1  2  0  4/8    14:38   0:01   0:34 
Josh Gorges              0  0  0   1  0   0  0  2  1  0  0/0    22:15   3:53   1:13 
Kristopher Letang        0  0  0  -3  0   3  3  1  2  0  0/0    24:26   5:22   0:00 
Marian Gaborik           1  1  2   0  0   3  2  1  0  0  0/1    21:37   5:28   0:00 
Martin Samuelsson        0  0  0   0  0   0  0  0  0  0  0/1    10:46   0:00   0:59 
Matt Donovan             0  0  0   0  0   1  0  0  0  0  0/0    12:05   0:00   0:46 
Michael Del Zotto        0  0  0   1  0   2  2  0  1  3  0/0    24:33   6:02   0:46 
Nazem Kadri              1  0  1   0  0   2  0  2  0  0  8/20   16:13   0:00   0:00 
Nick Bonino              0  0  0   0  0   1  1  0  0  0  0/2     7:46   0:00   0:00 
Patrick Kaleta           0  1  1   0  0   1  0  0  0  0  2/8    16:11   5:27   0:59 
Thomas Hickey            0  0  0   0  0   0  1  0  0  0  0/0    13:01   0:40   0:00 
Tyler Ennis              0  1  1   0  2   4  3  0  0  1  1/1    21:45   5:28   0:00 
Zach Parise              0  0  0  -2  0   1  2  0  0  0  0/0    19:13   4:27   0:34 

Players Stats for Rangers

Player Name              G  A  P  +/- PIM S  H  SB GA TA FO     MP     PP MP  PK MP  
------------------------------------------------------------------------------------
Cam Barker               0  1  1   0  0   1  1  0  0  0  0/0    26:29   0:57   5:25 
Chris Bourque            1  1  2   2  0   4  0  0  1  0  0/0    14:45   0:00   1:50 
Devante Smith-Pelly      1  0  1   2  0   3  1  0  1  0  1/1    12:32   0:00   0:00 
Dmitry Kulikov           0  0  0   1  2   1  1  2  0  0  0/0    20:41   1:02   3:49 
Henrik Samuelsson        0  0  0  -1  0   0  0  0  0  0  2/3     5:11   0:00   0:00 
Luke Schenn              0  0  0   0  0   3  1  1  1  0  0/0    26:29   0:57   5:25 
Magnus Paajarvi          0  0  0   0  0   0  0  0  0  0  0/0     1:28   0:13   0:00 
Mark Fistric             0  0  0   1  0   0  0  1  0  0  0/0    21:23   1:02   4:30 
Matt Delahey             0  0  0   1  0   0  0  1  0  0  0/0    12:52   0:00   0:41 
Maxime Sauvé             0  2  2   2  0   0  1  0  0  2  3/4    12:24   0:00   0:00 
Milan Lucic              0  1  1   0  0   3  2  1  1  0  4/7    24:52   0:53   5:16 
Patrice Bergeron         1  0  1   1  2   2  0  0  0  1  13/19  19:45   1:06   4:15 
Patrik Nemeth            0  1  1   1  0   0  0  1  0  1  0/0    12:08   0:00   0:00 
Rostislav Olesz          0  1  1   0  2   1  3  1  0  1  0/0    18:48   0:53   2:27 
Ryan Strome              1  0  1   0  2   1  4  0  0  1  1/2    16:34   0:53   0:00 
Steve Quailer            0  0  0   1  2   0  2  0  0  1  1/2    17:22   1:06   2:23 
T.J Galiardi             0  0  0  -1  0   0  2  1  0  0  0/0     8:58   0:00   2:42 
Tomas Hertl              0  1  1   0  0   1  0  0  0  0  5/11   17:19   0:53   0:57 

3 Stars

1 - Chris Bourque (NYR)
2 - Maxime Sauvé (NYR)
3 - Devante Smith-Pelly (NYR)

Power Play

Devils - 0 on 5 Attempt(s) - 0.00%
Rangers - 0 on 1 Attempt(s) - 0.00%

Penalty Kill

Devils - 1 on 1 Attempt(s) - 100.00% - Score 0 goal in Penalty Kill
Rangers - 5 on 5 Attempt(s) - 100.00% - Score 0 goal in Penalty Kill

Team Stat

Devils - Hits : 25 - Faceoff Wins : 19 - Blocked Shots : 8 - Penalty Minutes : 2
Rangers - Hits : 18 - Faceoff Wins : 30 - Blocked Shots : 9 - Penalty Minutes : 10

Official

Referees : Unknown
Linesman : Unknown

Game Notes

11:07 of 2nd period - Devils goal is going for a video replay. After video review, No Goal. The attacking player has interfered with a goalkeeper in his goal crease.
Maxime Daigneault enters game at 18:18 of 2nd period

Finance

Level 1 -- Attendance: 5465 (91.08%) -- Ticket Income $519,175
Level 2 -- Attendance: 4744 (94.88%) -- Ticket Income $284,640
Level 3 -- Attendance: 1865 (93.25%) -- Ticket Income $65,275
Level 4 -- Attendance: 3722 (93.05%) -- Ticket Income $93,050
Luxury Box -- Attendance: 1000 (100.00%) -- Ticket Income $180,000
Game was played at the Madison Square Garden.
Total Attendance: 16796 (93.31%)
Total Ticket Income: $1,142,140
Other Income: $171,321
Total Income: $1,313,461

Devils

5 vs 5 Forward 
   Center                   Left Wing                Right Wing               Time % Phy DF OF 
 1 Nazem Kadri              Tyler Ennis              Marian Gaborik           36     0   2  3  
 2 Jamie Arniel             Zach Parise              Chris Stewart            32     0   2  3  
 3 Brad Richards            Martin Samuelsson        Patrick Kaleta           22     0   2  3  
 4 Nick Bonino              Eric Tangradi            Brad Richardson          10     0   2  3  

5 vs 5 Defense 
   Defense                  Defense                                           Time % Phy DF OF 
 1 Kristopher Letang        Anton Stralman                                    40     0   3  2  
 2 Michael Del Zotto        Josh Gorges                                       35     0   3  2  
 3 Thomas Hickey            Matt Donovan                                      25     0   3  2  
 4 Kristopher Letang        Anton Stralman                                    0      1   2  2  

PowerPlay Forward 
   Center                   Left Wing                Right Wing               Time % Phy DF OF 
 1 Patrick Kaleta           Tyler Ennis              Marian Gaborik           60     0   1  4  
 2 Brad Richards            Zach Parise              Chris Stewart            40     0   1  4  

PowerPlay Defense
   Defense                  Defense                                           Time % Phy DF OF 
 1 Kristopher Letang        Michael Del Zotto                                 60     0   1  4  
 2 Anton Stralman           Josh Gorges                                       40     0   1  4  

Penalty Kill 4 Players Forward 
   Center                   Wing                     Time % Phy DF OF 
 1 Martin Samuelsson        Patrick Kaleta           60     1   3  1  
 2 Jamie Arniel             Zach Parise              40     1   3  1  

Penalty Kill 4 Players Defense
   Defense                  Defense                  Time % Phy DF OF 
 1 Anton Stralman           Josh Gorges              60     1   4  0  
 2 Michael Del Zotto        Matt Donovan             40     1   4  0  

Penalty Kill - 3 Players Forward 
   Forward                                           Time % Phy DF OF 
 1 Zach Parise                                       60     1   3  1  
 2 Brad Richards                                     40     1   3  1  

Penalty Kill - 3 Players Defense
   Defense                  Defense                  Time % Phy DF OF 
 1 Kristopher Letang        Anton Stralman           60     1   4  0  
 2 Matt Donovan             Josh Gorges              40     1   4  0  

4 vs 4 Forward 
   Center                   Wing                     Time % Phy DF OF 
 1 Zach Parise              Tyler Ennis              60     0   2  3  
 2 Brad Richards            Marian Gaborik           40     0   2  3  

4 vs 4 Defense
   Defense                  Defense                  Time % Phy DF OF 
 1 Kristopher Letang        Anton Stralman           60     0   3  2  
 2 Michael Del Zotto        Josh Gorges              40     0   3  2  

Last Minutes Offensive
   Center                   Left Wing                Right Wing               Defense                  Defense                  
   Nazem Kadri              Tyler Ennis              Marian Gaborik           Kristopher Letang        Michael Del Zotto        

Last Minutes Defensive
   Center                   Left Wing                Right Wing               Defense                  Defense                  
   Jamie Arniel             Zach Parise              Patrick Kaleta           Josh Gorges              Anton Stralman           

Goaltenders
Starting : Thomas McCollum          
Backup : Maxime Daigneault        

Extra Forwards
Normal : Brad Richards, Patrick Kaleta, Martin Samuelsson - PP : Jamie Arniel, Patrick Kaleta - PK : Brad Richards
Extra Defensemen
Normal : Kristopher Letang, Matt Donovan, Michael Del Zotto - PP : Michael Del Zotto - PK : Kristopher Letang, Anton Stralman
Penalty Shots
Marian Gaborik, Tyler Ennis, Brad Richards, Chris Stewart, Zach Parise

Scratches
Mike Weber (Healthy)

Rangers

5 vs 5 Forward 
   Center                   Left Wing                Right Wing               Time % Phy DF OF 
 1 Patrice Bergeron         Milan Lucic              Steve Quailer            40     1   2  2  
 2 Tomas Hertl              Rostislav Olesz          Ryan Strome              30     1   2  2  
 3 Maxime Sauvé             Chris Bourque            Devante Smith-Pelly      20     1   2  2  
 4 Henrik Samuelsson        T.J Galiardi             Milan Lucic              10     1   2  2  

5 vs 5 Defense 
   Defense                  Defense                                           Time % Phy DF OF 
 1 Luke Schenn              Cam Barker                                        40     1   2  2  
 2 Mark Fistric             Dmitry Kulikov                                    30     1   2  2  
 3 Patrik Nemeth            Matt Delahey                                      20     1   2  2  
 4 Luke Schenn              Cam Barker                                        10     1   2  2  

PowerPlay Forward 
   Center                   Left Wing                Right Wing               Time % Phy DF OF 
 1 Patrice Bergeron         Milan Lucic              Steve Quailer            60     1   2  2  
 2 Tomas Hertl              Rostislav Olesz          Ryan Strome              40     1   2  2  

PowerPlay Defense
   Defense                  Defense                                           Time % Phy DF OF 
 1 Luke Schenn              Cam Barker                                        60     1   2  2  
 2 Mark Fistric             Dmitry Kulikov                                    40     1   2  2  

Penalty Kill 4 Players Forward 
   Center                   Wing                     Time % Phy DF OF 
 1 Milan Lucic              Patrice Bergeron         60     1   2  2  
 2 Steve Quailer            Rostislav Olesz          40     1   2  2  

Penalty Kill 4 Players Defense
   Defense                  Defense                  Time % Phy DF OF 
 1 Luke Schenn              Cam Barker               60     1   2  2  
 2 Mark Fistric             Dmitry Kulikov           40     1   2  2  

Penalty Kill - 3 Players Forward 
   Forward                                           Time % Phy DF OF 
 1 Milan Lucic                                       60     1   2  2  
 2 Patrice Bergeron                                  40     1   2  2  

Penalty Kill - 3 Players Defense
   Defense                  Defense                  Time % Phy DF OF 
 1 Luke Schenn              Cam Barker               60     1   2  2  
 2 Mark Fistric             Dmitry Kulikov           40     1   2  2  

4 vs 4 Forward 
   Center                   Wing                     Time % Phy DF OF 
 1 Milan Lucic              Patrice Bergeron         60     1   2  2  
 2 Steve Quailer            Rostislav Olesz          40     1   2  2  

4 vs 4 Defense
   Defense                  Defense                  Time % Phy DF OF 
 1 Luke Schenn              Cam Barker               60     1   2  2  
 2 Mark Fistric             Dmitry Kulikov           40     1   2  2  

Last Minutes Offensive
   Center                   Left Wing                Right Wing               Defense                  Defense                  
   Patrice Bergeron         Milan Lucic              Steve Quailer            Luke Schenn              Cam Barker               

Last Minutes Defensive
   Center                   Left Wing                Right Wing               Defense                  Defense                  
   Patrice Bergeron         Milan Lucic              Steve Quailer            Luke Schenn              Cam Barker               

Goaltenders
Starting : Frederik Andersen        
Backup : Mike Condon              

Extra Forwards
Normal : Magnus Paajarvi, Chris Bourque, T.J Galiardi - PP : Magnus Paajarvi, Chris Bourque - PK : T.J Galiardi
Extra Defensemen
Normal : Patrik Nemeth, Matt Delahey, Mark Fistric - PP : Patrik Nemeth - PK : Matt Delahey, Mark Fistric
Penalty Shots
Milan Lucic, Patrice Bergeron, Steve Quailer, Rostislav Olesz, Tomas Hertl

Scratches
Sean Couturier (Right Foot Injury), Jonas Brodin (Healthy)

% Time on Ice - Devils

Lines # - Real PCT - Wanted PCT - Time Play
Normal Forward
1 - 34% - 36% - 16:27
2 - 30% - 32% - 14:12
3 - 20% - 22% - 9:41
4 - 16% - 10% - 7:46
Normal Defense
1 - 41% - 40% - 19:38
2 - 36% - 35% - 17:20
3 - 23% - 25% - 11:08
4 - 0% - 0% - 0:00
PP Forward
1 - 55% - 60% - 5:28
2 - 45% - 40% - 4:27
PP Defense
1 - 61% - 60% - 6:02
2 - 39% - 40% - 3:53
PK Forward
1 - 71% - 60% - 1:25
2 - 29% - 40% - 0:34
PK Defense
1 - 61% - 60% - 1:13
2 - 39% - 40% - 0:46
PK3 Forward
1 - 0% - 60%
2 - 0% - 40%
PK3 Defense
1 - 0% - 60%
2 - 0% - 40%
44 Forward
1 - 0% - 60%
2 - 0% - 40%
44 Defense
1 - 0% - 60%
2 - 0% - 40%
Last Minute Offensive  - 0:00
Last Minute Defensive  - 0:00
Total
Forward - 60:00
Defense - 60:00

% Time on Ice - Rangers

Lines # - Real PCT - Wanted PCT - Time Play
Normal Forward
1 - 31% - 40% - 14:42
2 - 33% - 30% - 15:49
3 - 26% - 20% - 12:24
4 - 11% - 10% - 5:11
Normal Defense
1 - 39% - 40% - 18:54
2 - 33% - 30% - 15:51
3 - 25% - 20% - 12:08
4 - 3% - 10% - 1:13
PP Forward
1 - 55% - 60% - 1:06
2 - 45% - 40% - 0:53
PP Defense
1 - 48% - 60% - 0:57
2 - 52% - 40% - 1:02
PK Forward
1 - 67% - 60% - 6:37
2 - 33% - 40% - 3:18
PK Defense
1 - 55% - 60% - 5:25
2 - 45% - 40% - 4:30
PK3 Forward
1 - 0% - 60%
2 - 0% - 40%
PK3 Defense
1 - 0% - 60%
2 - 0% - 40%
44 Forward
1 - 0% - 60%
2 - 0% - 40%
44 Defense
1 - 0% - 60%
2 - 0% - 40%
Last Minute Offensive  - 0:00
Last Minute Defensive  - 0:00
Total
Forward - 60:00
Defense - 60:00

Play-by-Play

1st period


0:01 of 1st period - Nazem Kadri wins face-off versus Patrice Bergeron in neutral zone.
0:04 of 1st period - Wrist shot by Marian Gaborik.
0:04 of 1st period - Shot Misses the Net.
1:25 of 1st period - Patrik Nemeth is hit by Michael Del Zotto and loses puck.
1:32 of 1st period - Slapshot by Marian Gaborik.
1:32 of 1st period - Deflect By Nazem Kadri.
1:32 of 1st period - Shot Misses the Net.
1:32 of 1st period - Puck is out of play.
1:33 of 1st period - Patrice Bergeron wins face-off versus Jamie Arniel in Rangers zone.
2:25 of 1st period - Patrik Nemeth is hit by Nick Bonino and loses puck.
3:09 of 1st period - Off-side.
3:10 of 1st period - Brad Richards wins face-off versus Tomas Hertl in neutral zone.
3:47 of 1st period - Snap shot by Milan Lucic.
3:47 of 1st period - Shot Misses the Net.
3:58 of 1st period - Off-side.
3:59 of 1st period - Jamie Arniel wins face-off versus Maxime Sauvé in neutral zone.
4:08 of 1st period - Snap shot by Chris Stewart.
4:08 of 1st period - Stopped by Frederik Andersen with a rebound.
4:35 of 1st period - Snap shot by Tyler Ennis.
4:35 of 1st period - Stopped by Frederik Andersen with a rebound.
5:05 of 1st period - Matt Delahey is hit by Brad Richardson and loses puck.
6:39 of 1st period - Devante Smith-Pelly is hit by Michael Del Zotto and loses puck.
6:52 of 1st period - Zach Parise is hit by T.J Galiardi and loses puck.
7:07 of 1st period - Dmitry Kulikov is hit by Marian Gaborik and loses puck.
7:18 of 1st period - Minor Penalty to Tyler Ennis for Interference.
7:19 of 1st period - Patrice Bergeron wins face-off versus Martin Samuelsson in Devils zone.
9:18 of 1st period - Penalty to Tyler Ennis is over, Tyler Ennis is back on ice.
10:19 of 1st period - Henrik Samuelsson is hit by Eric Tangradi and loses puck.
10:32 of 1st period - Snap shot by Marian Gaborik.
10:32 of 1st period - Goal by Marian Gaborik - Devils : 1 - Rangers : 0.
10:33 of 1st period - Ryan Strome wins face-off versus Jamie Arniel in neutral zone.
10:59 of 1st period - Minor Penalty to Patrice Bergeron for Hooking.
11:00 of 1st period - Patrick Kaleta wins face-off versus Milan Lucic in Rangers zone.
11:06 of 1st period - Snap shot by Marian Gaborik.
11:06 of 1st period - Shot Misses the Net.
11:08 of 1st period - Snap shot by Marian Gaborik.
11:08 of 1st period - Shot Misses the Net.
11:10 of 1st period - Wrist shot by Patrick Kaleta.
11:10 of 1st period - Shot Misses the Net.
11:12 of 1st period - Slapshot by Michael Del Zotto.
11:12 of 1st period - Shot Hit the Post.
11:14 of 1st period - Slapshot by Michael Del Zotto.
11:14 of 1st period - Shot Blocked by T.J Galiardi.
11:16 of 1st period - Slapshot by Kristopher Letang.
11:16 of 1st period - Deflect By Milan Lucic.
11:16 of 1st period - Stopped by Frederik Andersen with a rebound.
11:37 of 1st period - Snap shot by Kristopher Letang.
11:37 of 1st period - Stopped by Frederik Andersen without a rebound.
11:38 of 1st period - Tomas Hertl wins face-off versus Patrick Kaleta in Rangers zone.
11:43 of 1st period - Wrist shot by Patrick Kaleta.
11:43 of 1st period - Shot Misses the Net.
12:05 of 1st period - Anton Stralman is hit by Milan Lucic and loses puck.
12:59 of 1st period - Penalty to Patrice Bergeron is over, Patrice Bergeron is back on ice.
13:52 of 1st period - Slapshot by Maxime Sauvé.
13:52 of 1st period - Deflect By Chris Bourque.
13:52 of 1st period - Goal by Chris Bourque - Devils : 1 - Rangers : 1.
13:53 of 1st period - Tomas Hertl wins face-off versus Nazem Kadri in neutral zone.
13:55 of 1st period - Off-side.
13:56 of 1st period - Nazem Kadri wins face-off versus Ryan Strome in neutral zone.
14:02 of 1st period - Minor Penalty to Rostislav Olesz for Roughing.
14:03 of 1st period - Patrick Kaleta wins face-off versus Milan Lucic in Rangers zone.
15:36 of 1st period - Anton Stralman is hit by Steve Quailer and loses puck.
15:57 of 1st period - Mark Fistric is hit by Chris Stewart.
16:02 of 1st period - Penalty to Rostislav Olesz is over, Rostislav Olesz is back on ice.
16:13 of 1st period - Rostislav Olesz is hit by Kristopher Letang and loses puck.
17:31 of 1st period - Dmitry Kulikov is hit by Marian Gaborik and loses puck.
18:08 of 1st period - Icing by T.J Galiardi.
18:09 of 1st period - Nazem Kadri wins face-off versus Tomas Hertl in Rangers zone.
19:08 of 1st period - Patrice Bergeron is hit by Anton Stralman and loses puck.
19:40 of 1st period - Anton Stralman is hit by Dmitry Kulikov and loses puck.
Goals for this period are 1 for Devils vs 1 for Rangers.
Shots for this period are 5 for Devils vs 1 for Rangers.

2nd period


0:01 of 2nd period - Patrice Bergeron wins face-off versus Nazem Kadri in neutral zone.
0:03 of 2nd period - Off-side.
0:04 of 2nd period - Nazem Kadri wins face-off versus Patrice Bergeron in neutral zone.
0:32 of 2nd period - Wrist shot by Zach Parise.
0:32 of 2nd period - Shot Misses the Net.
1:02 of 2nd period - Snap shot by Rostislav Olesz.
1:02 of 2nd period - Shot Misses the Net.
1:04 of 2nd period - Snap shot by Luke Schenn.
1:04 of 2nd period - Stopped by Thomas McCollum without a rebound.
1:05 of 2nd period - Patrice Bergeron wins face-off versus Nazem Kadri in Devils zone.
1:10 of 2nd period - Wrist shot by Milan Lucic.
1:10 of 2nd period - Shot Misses the Net.
1:12 of 2nd period - Slapshot by Mark Fistric.
1:12 of 2nd period - Shot Hit the Post.
1:14 of 2nd period - Snap shot by Mark Fistric.
1:14 of 2nd period - Shot Blocked by Kristopher Letang.
1:16 of 2nd period - Snap shot by Steve Quailer.
1:16 of 2nd period - Shot Blocked by Anton Stralman.
1:18 of 2nd period - Slapshot by Dmitry Kulikov.
1:18 of 2nd period - Stopped by Thomas McCollum with a rebound.
1:20 of 2nd period - Slapshot by Dmitry Kulikov.
1:20 of 2nd period - Shot Blocked by Nazem Kadri.
1:22 of 2nd period - Wrist shot by Milan Lucic.
1:22 of 2nd period - Shot Blocked by Nazem Kadri.
2:05 of 2nd period - Matt Delahey is hit by Anton Stralman and loses puck.
2:28 of 2nd period - Wrist shot by Devante Smith-Pelly.
2:28 of 2nd period - Stopped by Thomas McCollum with a rebound.
2:30 of 2nd period - Snap shot by Devante Smith-Pelly.
2:30 of 2nd period - Stopped by Thomas McCollum without a rebound.
2:31 of 2nd period - Maxime Sauvé wins face-off versus Nazem Kadri in Devils zone.
2:32 of 2nd period - Wrist shot by Chris Bourque.
2:32 of 2nd period - Stopped by Thomas McCollum with a rebound.
2:34 of 2nd period - Slapshot by Luke Schenn.
2:34 of 2nd period - Shot Misses the Net.
2:36 of 2nd period - Snap shot by Devante Smith-Pelly.
2:36 of 2nd period - Shot Misses the Net.
3:04 of 2nd period - Snap shot by Devante Smith-Pelly.
3:04 of 2nd period - Goal by Devante Smith-Pelly - Devils : 1 - Rangers : 2.
3:05 of 2nd period - Jamie Arniel wins face-off versus Patrice Bergeron in neutral zone.
3:53 of 2nd period - Backhand shot by Brad Richards.
3:53 of 2nd period - Stopped by Frederik Andersen with a rebound.
3:55 of 2nd period - Slapshot by Michael Del Zotto.
3:55 of 2nd period - Deflect By Brad Richards.
3:55 of 2nd period - Shot Misses the Net.
3:55 of 2nd period - Puck is out of play.
3:56 of 2nd period - Patrice Bergeron wins face-off versus Brad Richards in Rangers zone.
4:07 of 2nd period - Luke Schenn is hit by Brad Richards and loses puck.
4:22 of 2nd period - Tomas Hertl is hit by Tyler Ennis and loses puck.
5:01 of 2nd period - Minor Penalty to Dmitry Kulikov for Hooking.
5:02 of 2nd period - Milan Lucic wins face-off versus Marian Gaborik in Rangers zone.
5:14 of 2nd period - Slapshot by Michael Del Zotto.
5:14 of 2nd period - Stopped by Frederik Andersen with a rebound.
5:16 of 2nd period - Snap shot by Patrick Kaleta.
5:16 of 2nd period - Deflect By Tyler Ennis.
5:16 of 2nd period - Stopped by Frederik Andersen without a rebound.
5:17 of 2nd period - Milan Lucic wins face-off versus Patrick Kaleta in Rangers zone.
5:28 of 2nd period - Slapshot by Tyler Ennis.
5:28 of 2nd period - Shot Misses the Net.
5:53 of 2nd period - Off-side.
5:54 of 2nd period - Steve Quailer wins face-off versus Patrick Kaleta in neutral zone.
6:27 of 2nd period - Slapshot by Kristopher Letang.
6:27 of 2nd period - Deflect By Zach Parise.
6:27 of 2nd period - Stopped by Frederik Andersen without a rebound.
6:28 of 2nd period - Brad Richards wins face-off versus Steve Quailer in Rangers zone.
7:01 of 2nd period - Penalty to Dmitry Kulikov is over, Dmitry Kulikov is back on ice.
7:03 of 2nd period - Snap shot by Tyler Ennis.
7:03 of 2nd period - Deflect By Patrick Kaleta.
7:03 of 2nd period - Shot Blocked by Mark Fistric.
7:03 of 2nd period - Puck is out of play.
7:04 of 2nd period - Nazem Kadri wins face-off versus Tomas Hertl in Rangers zone.
7:15 of 2nd period - Snap shot by Marian Gaborik.
7:15 of 2nd period - Shot Misses the Net.
7:17 of 2nd period - Slapshot by Nazem Kadri.
7:17 of 2nd period - Goal by Nazem Kadri - Devils : 2 - Rangers : 2.
7:18 of 2nd period - Patrice Bergeron wins face-off versus Nazem Kadri in neutral zone.
7:21 of 2nd period - Nazem Kadri is hit by Steve Quailer and loses puck.
7:48 of 2nd period - Wrist shot by Devante Smith-Pelly.
7:48 of 2nd period - Shot Blocked by Josh Gorges.
8:20 of 2nd period - Martin Samuelsson is hit by Rostislav Olesz and loses puck.
8:35 of 2nd period - Wrist shot by Eric Tangradi.
8:35 of 2nd period - Shot Misses the Net.
8:37 of 2nd period - Slapshot by Kristopher Letang.
8:37 of 2nd period - Shot Misses the Net.
9:12 of 2nd period - Tomas Hertl is hit by Zach Parise and loses puck.
9:17 of 2nd period - Wrist shot by Jamie Arniel.
9:17 of 2nd period - Shot Misses the Net.
9:19 of 2nd period - Slapshot by Josh Gorges.
9:19 of 2nd period - Shot Misses the Net.
9:21 of 2nd period - Snap shot by Zach Parise.
9:21 of 2nd period - Shot Blocked by Rostislav Olesz.
9:23 of 2nd period - Snap shot by Chris Stewart.
9:23 of 2nd period - Shot Blocked by Matt Delahey.
10:01 of 2nd period - Icing by Michael Del Zotto.
10:02 of 2nd period - Patrice Bergeron wins face-off versus Nick Bonino in Devils zone.
10:05 of 2nd period - Slapshot by Luke Schenn.
10:05 of 2nd period - Stopped by Thomas McCollum without a rebound.
10:06 of 2nd period - Patrice Bergeron wins face-off versus Nazem Kadri in Devils zone.
10:43 of 2nd period - Snap shot by Jamie Arniel.
10:43 of 2nd period - Shot Misses the Net.
10:45 of 2nd period - Slapshot by Kristopher Letang.
10:45 of 2nd period - Stopped by Frederik Andersen with a rebound.
11:05 of 2nd period - Snap shot by Eric Tangradi.
11:05 of 2nd period - Stopped by Frederik Andersen with a rebound.
11:07 of 2nd period - Snap shot by Nick Bonino.
11:07 of 2nd period - Devils goal is going for a video replay.
11:07 of 2nd period - The goal is refused. The attacking player has interfered with a goalkeeper in his goal crease..
11:08 of 2nd period - Patrice Bergeron wins face-off versus Nazem Kadri in Rangers zone.
11:13 of 2nd period - Snap shot by Mark Fistric.
11:13 of 2nd period - Shot Blocked by Marian Gaborik.
11:37 of 2nd period - Snap shot by Milan Lucic.
11:37 of 2nd period - Stopped by Thomas McCollum without a rebound.
11:38 of 2nd period - Jamie Arniel wins face-off versus Tomas Hertl in Devils zone.
11:43 of 2nd period - Snap shot by Zach Parise.
11:43 of 2nd period - Deflect By Jamie Arniel.
11:43 of 2nd period - Shot Misses the Net.
11:43 of 2nd period - Puck is out of play.
11:44 of 2nd period - Nazem Kadri wins face-off versus Patrice Bergeron in Rangers zone.
11:53 of 2nd period - Wrist shot by Milan Lucic.
11:53 of 2nd period - Shot Misses the Net.
11:55 of 2nd period - Slapshot by Patrik Nemeth.
11:55 of 2nd period - Deflect By Patrice Bergeron.
11:55 of 2nd period - Goal by Patrice Bergeron - Devils : 2 - Rangers : 3.
11:56 of 2nd period - Patrice Bergeron wins face-off versus Nazem Kadri in neutral zone.
12:05 of 2nd period - Snap shot by Patrice Bergeron.
12:05 of 2nd period - Stopped by Thomas McCollum with a rebound.
12:25 of 2nd period - Cam Barker is hit by Anton Stralman and loses puck.
12:46 of 2nd period - Slapshot by Cam Barker.
12:46 of 2nd period - Stopped by Thomas McCollum without a rebound.
12:47 of 2nd period - Maxime Sauvé wins face-off versus Brad Richards in Devils zone.
13:58 of 2nd period - Matt Delahey is hit by Brad Richardson and loses puck.
14:14 of 2nd period - Snap shot by Chris Bourque.
14:14 of 2nd period - Stopped by Thomas McCollum with a rebound.
14:22 of 2nd period - Brad Richardson is hit by Devante Smith-Pelly and loses puck.
14:56 of 2nd period - Slapshot by Rostislav Olesz.
14:56 of 2nd period - Shot Blocked by Jamie Arniel.
15:52 of 2nd period - Snap shot by Rostislav Olesz.
15:52 of 2nd period - Shot Misses the Net.
16:01 of 2nd period - Off-side.
16:02 of 2nd period - Patrice Bergeron wins face-off versus Patrick Kaleta in neutral zone.
16:07 of 2nd period - Slapshot by Cam Barker.
16:07 of 2nd period - Shot Misses the Net.
17:09 of 2nd period - Wrist shot by Luke Schenn.
17:09 of 2nd period - Stopped by Thomas McCollum with a rebound.
17:52 of 2nd period - Slapshot by Michael Del Zotto.
17:52 of 2nd period - Stopped by Frederik Andersen with a rebound.
17:54 of 2nd period - Snap shot by Tyler Ennis.
17:54 of 2nd period - Stopped by Frederik Andersen without a rebound.
17:55 of 2nd period - Nazem Kadri wins face-off versus Henrik Samuelsson in Rangers zone.
17:58 of 2nd period - Snap shot by Marian Gaborik.
17:58 of 2nd period - Stopped by Frederik Andersen with a rebound.
18:16 of 2nd period - Snap shot by Tomas Hertl.
18:16 of 2nd period - Shot Misses the Net.
18:18 of 2nd period - Wrist shot by Ryan Strome.
18:18 of 2nd period - Goal by Ryan Strome - Devils : 2 - Rangers : 4.
18:18 of 2nd period - Maxime Daigneault enters game.
18:19 of 2nd period - Patrice Bergeron wins face-off versus Nazem Kadri in neutral zone.
19:07 of 2nd period - Wrist shot by Patrick Kaleta.
19:07 of 2nd period - Deflect By Brad Richards.
19:07 of 2nd period - Shot Misses the Net.
19:07 of 2nd period - Puck is out of play.
19:08 of 2nd period - Devante Smith-Pelly wins face-off versus Brad Richards in Rangers zone.
19:35 of 2nd period - Wrist shot by Chris Stewart.
19:35 of 2nd period - Stopped by Frederik Andersen with a rebound.
19:37 of 2nd period - Wrist shot by Jamie Arniel.
19:37 of 2nd period - Stopped by Frederik Andersen with a rebound.
Goals for this period are 1 for Devils vs 3 for Rangers.
Shots for this period are 13 for Devils vs 14 for Rangers.

3rd period


0:01 of 3rd period - Nazem Kadri wins face-off versus Patrice Bergeron in neutral zone.
0:06 of 3rd period - Milan Lucic is hit by Kristopher Letang and loses puck.
0:40 of 3rd period - Slapshot by Tyler Ennis.
0:40 of 3rd period - Stopped by Frederik Andersen with a rebound.
0:44 of 3rd period - Wrist shot by Tyler Ennis.
0:44 of 3rd period - Deflect By Marian Gaborik.
0:44 of 3rd period - Shot Misses the Net.
0:44 of 3rd period - Puck is out of play.
0:45 of 3rd period - Jamie Arniel wins face-off versus Tomas Hertl in Rangers zone.
1:08 of 3rd period - Zach Parise is hit by Ryan Strome and loses puck.
1:10 of 3rd period - Minor Penalty to Ryan Strome for Holding.
1:11 of 3rd period - Milan Lucic wins face-off versus Patrick Kaleta in Rangers zone.
1:38 of 3rd period - Patrice Bergeron is hit by Zach Parise.
1:56 of 3rd period - Slapshot by Brad Richards.
1:56 of 3rd period - Shot Misses the Net.
2:43 of 3rd period - Kristopher Letang is hit by Rostislav Olesz and loses puck.
3:10 of 3rd period - Penalty to Ryan Strome is over, Ryan Strome is back on ice.
3:18 of 3rd period - Snap shot by Nick Bonino.
3:18 of 3rd period - Shot Misses the Net.
3:24 of 3rd period - Snap shot by Nick Bonino.
3:24 of 3rd period - Deflect By Eric Tangradi.
3:24 of 3rd period - Shot Blocked by Dmitry Kulikov.
3:24 of 3rd period - Puck is out of play.
3:25 of 3rd period - Tomas Hertl wins face-off versus Nick Bonino in Rangers zone.
3:40 of 3rd period - Wrist shot by Rostislav Olesz.
3:40 of 3rd period - Stopped by Maxime Daigneault with a rebound.
3:52 of 3rd period - Slapshot by Matt Donovan.
3:52 of 3rd period - Stopped by Frederik Andersen with a rebound.
3:54 of 3rd period - Wrist shot by Chris Stewart.
3:54 of 3rd period - Shot Blocked by Milan Lucic.
3:56 of 3rd period - Snap shot by Zach Parise.
3:56 of 3rd period - Shot Blocked by Patrik Nemeth.
3:58 of 3rd period - Slapshot by Thomas Hickey.
3:58 of 3rd period - Shot Misses the Net.
4:18 of 3rd period - Snap shot by Chris Bourque.
4:18 of 3rd period - Stopped by Maxime Daigneault without a rebound.
4:19 of 3rd period - Tomas Hertl wins face-off versus Nazem Kadri in Devils zone.
4:26 of 3rd period - Tyler Ennis is hit by Ryan Strome and loses puck.
4:53 of 3rd period - Off-side.
4:54 of 3rd period - Patrice Bergeron wins face-off versus Jamie Arniel in neutral zone.
5:23 of 3rd period - Nazem Kadri is hit by Rostislav Olesz and loses puck.
5:31 of 3rd period - Icing by Marian Gaborik.
5:32 of 3rd period - Tyler Ennis wins face-off versus Patrice Bergeron in Devils zone.
6:15 of 3rd period - Slapshot by Milan Lucic.
6:15 of 3rd period - Stopped by Maxime Daigneault without a rebound.
6:16 of 3rd period - Tomas Hertl wins face-off versus Jamie Arniel in Devils zone.
6:31 of 3rd period - Ryan Strome is hit by Kristopher Letang.
6:35 of 3rd period - Anton Stralman is hit by Ryan Strome and loses puck.
6:48 of 3rd period - Snap shot by Brad Richards.
6:48 of 3rd period - Stopped by Frederik Andersen with a rebound.
7:05 of 3rd period - Brad Richardson is hit by T.J Galiardi and loses puck.
7:48 of 3rd period - Minor Penalty to Steve Quailer for Holding.
7:49 of 3rd period - Milan Lucic wins face-off versus Patrick Kaleta in Rangers zone.
8:28 of 3rd period - Slapshot by Marian Gaborik.
8:28 of 3rd period - Stopped by Frederik Andersen without a rebound.
8:29 of 3rd period - Brad Richards wins face-off versus Milan Lucic in Rangers zone.
8:44 of 3rd period - Snap shot by Zach Parise.
8:44 of 3rd period - Shot Blocked by Luke Schenn.
9:42 of 3rd period - Cam Barker is hit by Tyler Ennis and loses puck.
9:48 of 3rd period - Penalty to Steve Quailer is over, Steve Quailer is back on ice.
11:30 of 3rd period - Steve Quailer is hit by Brad Richardson and loses puck.
11:41 of 3rd period - Thomas Hickey is hit by Maxime Sauvé and loses puck.
11:52 of 3rd period - Milan Lucic is hit by Thomas Hickey and loses puck.
12:08 of 3rd period - Chris Stewart is hit by Luke Schenn and loses puck.
12:19 of 3rd period - Chris Bourque is hit by Eric Tangradi.
12:33 of 3rd period - Anton Stralman is hit by Milan Lucic.
12:58 of 3rd period - Off-side.
12:59 of 3rd period - Henrik Samuelsson wins face-off versus Nazem Kadri in neutral zone.
14:08 of 3rd period - Slapshot by Milan Lucic.
14:08 of 3rd period - Stopped by Maxime Daigneault with a rebound.
15:02 of 3rd period - Snap shot by Brad Richards.
15:02 of 3rd period - Stopped by Frederik Andersen with a rebound.
15:10 of 3rd period - Wrist shot by Patrick Kaleta.
15:10 of 3rd period - Stopped by Frederik Andersen with a rebound.
15:20 of 3rd period - Marian Gaborik is hit by Ryan Strome and loses puck.
15:43 of 3rd period - Thomas Hickey is hit by Cam Barker and loses puck.
16:05 of 3rd period - Maxime Sauvé is hit by Brad Richards.
16:09 of 3rd period - Wrist shot by Brad Richards.
16:09 of 3rd period - Stopped by Frederik Andersen without a rebound.
16:10 of 3rd period - Maxime Sauvé wins face-off versus Brad Richards in Rangers zone.
17:08 of 3rd period - Wrist shot by Zach Parise.
17:08 of 3rd period - Deflect By Jamie Arniel.
17:08 of 3rd period - Shot Blocked by Dmitry Kulikov.
17:08 of 3rd period - Puck is out of play.
17:09 of 3rd period - Brad Richards wins face-off versus Tomas Hertl in Rangers zone.
17:23 of 3rd period - Slapshot by Luke Schenn.
17:23 of 3rd period - Shot Blocked by Josh Gorges.
17:25 of 3rd period - Wrist shot by Rostislav Olesz.
17:25 of 3rd period - Deflect By Tomas Hertl.
17:25 of 3rd period - Stopped by Maxime Daigneault without a rebound.
17:26 of 3rd period - Henrik Samuelsson wins face-off versus Nazem Kadri in Devils zone.
19:26 of 3rd period - Snap shot by Nazem Kadri.
19:26 of 3rd period - Stopped by Frederik Andersen with a rebound.
19:40 of 3rd period - Cam Barker is hit by Tyler Ennis and loses puck.
Goals for this period are 0 for Devils vs 0 for Rangers.
Shots for this period are 8 for Devils vs 5 for Rangers.